 Dungeon Crawl Stone Soup version 0.31-a0-833-gc15d34cb79 (webtiles) character file.

Game seed: 890679695543282786

734 Kurtz the Cleaver (level 7, -2/46 HPs)
             Began as an Octopode Fighter on Sept 25, 2023.
             Was an Initiate of Okawaru.
             Slain by an orc
             ... wielding a +0 dagger
              (3 damage)
             ... on level 5 of the Dungeon.
             The game lasted 00:04:01 (4224 turns).

Kurtz the Cleaver (Octopode Fighter)                Turns: 4224, Time: 00:04:02

Health: -2/46      AC:  1    Str: 16    XL:     7   Next: 74%
Magic:  7/7        EV: 18    Int: 10    God:    Okawaru [......]
Gold:   14         SH:  4    Dex: 13    Spells: 6/6 levels left

rFire   . . .        m - +2 flail (heavy)
rCold   . . .        b - +0 buckler
rNeg    . . .        (helmet restricted)
rPois   +            t - amulet of regeneration
rElec   .            e - ring of see invisible
rCorr   .            v - +5 ring of evasion
SInv    +            z - ring of poison resistance
Will    .....        (no ring)
Stlth   ++           (no ring)
HPRegen 1.07/turn    (no ring)
MPRegen 0.10/turn    (no ring)
                     (no ring)

%: no passive effects
@: lethally poisoned (-2 -> -2)
A: almost no armour, amphibious, 8 rings, camouflage 1, gelatinous body 1,
(nimble swimmer 1), tentacles
a: Renounce Religion


You were on level 5 of the Dungeon.
You worshipped Okawaru.
Okawaru was noncommittal.
You visited 2 branches of the dungeon, and saw 6 of its levels.

You collected 214 gold pieces.
You spent 200 gold pieces at shops.

Inventory:

Hand Weapons
 a - a +0 war axe
 m - a +2 heavy flail (weapon)
Missiles
 w - 2 poisoned darts (quivered)
Armour
 b - a +0 buckler (worn)
Jewellery
 e - a ring of see invisible (left tentacle)
 t - an amulet of regeneration (around mantle)
 v - a +5 ring of evasion (right tentacle)
 z - a ring of poison resistance (on tentacle)
Wands
 d - a wand of quicksilver (9)
 j - a wand of polymorph (2)
Scrolls
 h - 3 scrolls of identify {unknown}
 i - a scroll of blinking {unknown}
 k - a scroll of poison {unknown}
 l - 3 scrolls of immolation {unknown}
 o - 3 scrolls of enchant armour {unknown}
 p - a scroll of fog {unknown}
 r - a scroll of enchant weapon {unknown}
 s - 2 scrolls of noise {unknown}
 y - a scroll of revelation {unknown}
Potions
 c - a potion of might
 g - a potion of attraction {unknown}
 n - a potion of heal wounds {unknown}
 q - a potion of curing {unknown}
 u - a potion of resistance {unknown}
 x - a potion of haste {unknown}


   Skills:
 - Level 3.0 Fighting
 * Level 8.5 Axes
 - Level 3.0 Dodging
 - Level 3.0 Shields


You had 6 spell levels left.
You didn't know any spells.
Your spell library contained the following spells:

 Spells                   Type           Power      Damage    Failure   Level
 Kiss of Death            Conj/Necr      0%         2d5       43%         1
 Slow                     Hex            0%         N/A       43%         1
 Confusing Touch          Hex            0%         N/A       82%         3
 Hailstorm                Conj/Ice       0%         3d3       82%         3
 Sigil of Binding         Hex            0%         N/A       82%         3
 Vampiric Draining        Necr           0%         2d6       82%         3
 Dispel Undead            Necr           0%         3d6       99%         4
 Summon Ice Beast         Ice/Summ       Unusable   N/A       N/A         4
 Simulacrum               Ice/Necr       Unusable   N/A       N/A         6

Dungeon Overview and Level Annotations

Branches:
Dungeon (5/15)             Temple (1/1) D:4

Altars:
Ashenzari
Cheibriados
Dithmenos
Fedhas
Gozag
Hepliaklqana
Kikubaaqudgha
Makhleb
Nemelex Xobeh
Okawaru
Qazlal
Ru
Sif Muna
Vehumet
Xom
Zin
Ignis

Shops:
D:2 [   D:3 *   D:4 *


Innate Abilities, Weirdness & Mutations

You cannot wear most types of armour.
You are amphibious.
You can wear up to eight rings at the same time.
Your skin changes colour to match your surroundings (Stealth+).
Your rubbery body absorbs attacks. (AC +1, EV +1)
((You are camouflaged when in or above water. (Stealth+)))
You have tentacles for arms and can constrict up to eight enemies at once.


Message History

You kill the orc!
Okawaru accepts your kill. The adder misses you. The orc misses you.
The orc hits you with a +0 dagger. The worm completely misses you.
The adder closely misses you. You block the orc's attack.
Unknown command.
You barely miss the orc. You grab the orc.
You constrict the orc, but do no damage.
The adder barely misses you. The orc misses you. The orc closely misses you.
The adder bites you.
You are poisoned.
The adder poisons you! The worm bites you!
The orc hits you with a +0 dagger of speed.
You block the orc's attack. The orc hits you with a +0 dagger.
The adder misses you.
Unknown command.
You feel very mighty all of a sudden.
You constrict the orc, but do no damage.
You feel sick. The orc misses you. The worm barely misses you.
You block the orc's attack. The adder closely misses you.
The orc hits you with a +0 dagger.
* * * LOW HITPOINT WARNING * * *
You block the orc's attack.
Okay, then.
You closely miss the adder. Your grab misses the adder.
Your squeeze misses the adder. You constrict the orc.
You feel sick. The adder completely misses you. You block the orc's attack.
The orc hits you with a +0 dagger of speed.
* * * LOW HITPOINT WARNING * * *
The orc completely misses you. The worm bites you!
* * * LOW HITPOINT WARNING * * *
The adder misses you. The orc closely misses you. x2
Unknown command.
Okay, then.
It was a potion of cancellation.
Your magical effects are unravelling.
You feel magically purged.
You feel a little less mighty now.
You constrict the orc.
You feel sick. The orc hits you with a +0 dagger.
You die...

.. ..# ... ..# .... #.# #.
....##########.# #.#####
...............######.#....
..........o.........#.#.###
####?....Soo........#.#.#
........ow@o........#.#.###
###############.....#.)....
#..<...#......
#.............
#..........)..
#.##......####
#.##..........
#.##......####
#.##......###


You could see a worm, an adder and 5 orcs.

Vanquished Creatures
  Grinder (D:4)
  2 scorpions (D:4)
  A hound (D:4)
  A gnoll bouda (D:5)
  2 jellies (D:4)
  An iguana (D:5)
  An orc wizard (D:4)
  2 sleepcaps (D:5)
  5 gnolls (D:5)
  7 adders
  A white imp (D:4)
  2 worms (D:2)
  A dart slug (D:1)
  4 orcs
  9 endoplasms
  4 giant cockroaches
  6 goblins
  9 hobgoblins
  3 jackals (D:1)
  9 kobolds
  7 quokkas
  6 ball pythons
  A bat (D:1)
  2 frilled lizards (D:2)
  7 rats
94 creatures vanquished.

Notes
Turn   | Place    | Note
-------+----------+-------------------------------------------
     0 | D:1      | Kurtz the Octopode Fighter began the quest for the Orb.
     0 | D:1      | Reached XP level 1. HP: 16/16 MP: 1/1
    62 | D:1      | You fall into a shaft and drop 1 floor!
   115 | D:2      | Reached XP level 2. HP: 21/21 MP: 2/2
   203 | D:2      | Reached skill level 3 in Axes
   375 | D:2      | Reached XP level 3. HP: 23/26 MP: 3/3
   455 | D:2      | Found Cicvyu's Armour Shop.
  1093 | D:3      | Found a sparkling altar of Nemelex Xobeh.
  1246 | D:3      | Found a radiant altar of Vehumet.
  1256 | D:3      | Found Nopnio Kueb's General Store.
  1356 | D:3      | Reached skill level 4 in Axes
  1414 | D:3      | Found a shimmering blue altar of Sif Muna.
  1791 | D:1      | Reached XP level 4. HP: 31/31 MP: 4/4
  1925 | D:1      | Found a faded altar of an unknown god.
  2659 | D:4      | Reached skill level 5 in Axes
  2659 | D:4      | Reached XP level 5. HP: 15/36 MP: 5/5
  2711 | D:4      | Noticed Grinder
  2722 | D:4      | Killed Grinder
  2723 | D:4      | Reached skill level 6 in Axes
  2723 | D:4      | Reached XP level 6. HP: 39/42 MP: 6/6
  2756 | D:4      | Reached skill level 7 in Axes
  2814 | D:4      | Reached XP level 7. HP: 46/46 MP: 7/7
  2823 | D:4      | Found a glowing silver altar of Zin.
  2982 | D:4      | HP: 2/46 [poisoned by an orc wizard]
  3090 | D:4      | Found a staircase to the Ecumenical Temple.
  3105 | Temple   | Entered the Ecumenical Temple
  3125 | Temple   | Became a worshipper of Warmaster Okawaru
  3408 | D:4      | Found Joqiopt's Serpentskin Sales.
  3852 | D:4      | Bought a ring of poison resistance for 200 gold pieces
  3877 | D:5      | Entered Level 5 of the Dungeon
  3913 | D:5      | Reached skill level 8 in Axes
  4223 | D:5      | HP: 1/46 [worm (8)]
  4224 | D:5      | Slain by an orc

Illustrated notes

Levels and vault maps discovered:
D:1:      kennysheep_arrival_seaside, layout_loops_corners,
          hellmonk_ecumenical_altar_heavens_door
D:2:      layout_loops_corners, serial_shops, shop_statue
D:3:      layout_rooms, nicolae_sif_muna_little_library,
          mainiacjoe_overflow_24_doors, fiery_altar_vehumet, serial_shops, shop,
          kennysheep_boxes
D:4:      layout_layer_cave, zin_academy, minmay_temple_entry_glass,
          serial_bayou_pond_d, guppyfry_shop_venom, uniq_grinder
D:5:      layout_basic, lemuel_crystal_altar
Temple:   pdpol_scorched_temple

Skill      XL: |  1  2  3  4  5  6  7 |
---------------+----------------------+-----
Axes           | 3 4 5 6 7 8 |  8.5
Fighting       | |  3.0
Dodging        | |  3.0
Shields        | |  3.0

Action                     |  1- 3 |  4- 6 |  7- 9 || total
---------------------------+-------+-------+-------++-------
  Melee: War axe           |    42 |       |       ||    42
         Constrict         |    13 |    12 |    17 ||    42
         Tentacles         |     8 |     9 |    11 ||    28
         Flail             |    13 |    47 |    65 ||   125
  Throw: Dart              |       |       |     2 ||     2
  Evoke: Wand              |       |     2 |       ||     2
    Use: Potion            |       |       |     2 ||     2
   Stab: Sleeping          |     8 |     6 |     2 ||    16
 Armour: Skin              |    16 |    29 |    48 ||    93
  Dodge: Dodged            |    31 |    49 |    79 ||   159
  Block: Buckler           |     6 |    13 |    19 ||    38

Table legend: (Time is in decaauts)
 A = Elapsed time spent in this place.
 B = Non-inter-level travel time spent in this place.
 C = Inter-level travel time spent in this place.
 D = Time resting spent in this place.
 E = Time spent auto-exploring this place.
 F = Levels seen in this place.
 G = Mean time per level.
                   A        B        C        D        E       F      G
               +--------+--------+--------+--------+--------+-----+--------+
         Total |   4350 |   4020 |    330 |    161 |   3038 |   6 |  725.0 |
       Dungeon |   4319 |   4000 |    319 |    161 |   3038 |   5 |  863.8 |
        Temple |     31 |     20 |     11 |      0 |      0 |   1 |   31.0 |
               +--------+--------+--------+--------+--------+-----+--------+

Top non-repeatable levels by time:
     D:4: 1344 daAuts
     D:1: 1107 daAuts
     D:2: 939 daAuts
     D:3: 559 daAuts
     D:5: 369 daAuts
  Temple: 31 daAuts
